 Dungeon Crawl Stone Soup version 0.25.0-11-g1f837a76a1 (webtiles) character file.

Game seed: 8549959863756094562

384 Acheron the Chopper (level 6, -3/53 HPs)
             Began as a Minotaur Berserker on June 27, 2020.
             Was a Believer of Trog.
             Slain by an iguana (12 damage)
             ... on level 5 of the Dungeon.
             The game lasted 00:13:28 (3175 turns).

Acheron the Chopper (Minotaur Berserker)            Turns: 3175, Time: 00:13:29

Health: -3/53      AC:  5    Str: 21    XL:     6   Next: 47%
Magic:  5/5        EV: 13    Int:  6    God:    Trog [**....]
Gold:   196        SH:  5    Dex: 10    Spells: 5/5 levels left

rFire    . . .     SeeInvis .   a - +0 hand axe
rCold    . . .     Gourm    .   (no shield)
rNeg     . . .     Faith    .   r - +1 troll leather armour
rPois    .         Spirit   .   (helmet restricted)
rElec    .         Reflect  +   (no cloak)
rCorr    .         Harm     .   (no gloves)
MR       .....                  (no boots)
Stlth    ++........             i - amulet of reflection
HPRegen  0.57/turn              (no ring)
MPRegen  0.09/turn              (no ring)

@: no status effects
A: retaliatory headbutt, horns 2
a: Berserk, Trog's Hand, Renounce Religion


You were on level 5 of the Dungeon.
You worshipped Trog.
Trog was pleased with you.
You were not hungry.

You visited 2 branches of the dungeon, and saw 6 of its levels.

You collected 196 gold pieces.

Inventory:

Hand Weapons
 a - a +0 hand axe (weapon)
 l - a +0 short sword
 n - a +0 hunting sling
 p - a +1 dagger of electrocution
Missiles
 e - 7 boomerangs
 f - 76 stones (quivered)
Armour
 r - a +1 troll leather armour (worn)
Jewellery
 i - an amulet of reflection (around neck)
Scrolls
 k - 2 scrolls of teleportation
 q - 2 scrolls of amnesia
Potions
 b - a potion of degeneration {unknown}
 d - a potion of cancellation {unknown}
 g - 3 potions of lignification
 h - a potion of berserk rage {unknown}
 j - a potion of mutation {unknown}
 o - 2 potions of heal wounds
 s - 2 potions of stabbing {unknown}
Comestibles
 c - 9 rations
 m - 3 chunks of flesh


   Skills:
 + Level 4.6 Fighting
 + Level 5.5 Axes
 * Level 1.8 Throwing
 * Level 3.8 Armour
 * Level 3.9 Dodging
 * Level 2.1 Stealth


You had 5 spell levels left.
You didn't know any spells.
Your spell library was empty.

Dungeon Overview and Level Annotations

Branches:
Dungeon (5/15)             Temple (1/1) D:5

Altars:
Ashenzari
Cheibriados
Dithmenos
Elyvilon
Fedhas
Gozag
Hepliaklqana
Kikubaaqudgha
Makhleb
Nemelex Xobeh
Okawaru
Qazlal
Ru
Sif Muna
Trog
Uskayaw
Vehumet
Wu Jian
Xom
Yredelemnul
Zin
The Shining One


Innate Abilities, Weirdness & Mutations

You reflexively headbutt those who attack you in melee.
You have a pair of horns on your head.


Message History

You hit the iguana but do no damage.
The iguana is severely wounded.
The iguana bites you!
You hit the iguana but do no damage.
The iguana is severely wounded.
The iguana bites you!
You hit the iguana but do no damage.
The iguana is severely wounded.
You block the iguana's attack.
You barely miss the iguana.
The iguana is severely wounded.
The iguana bites you!
* * * LOW HITPOINT WARNING * * *
You hit the iguana but do no damage.
The iguana is severely wounded.
The iguana barely misses you.
You hit the iguana. Your headbutt misses the iguana.
The iguana is almost dead.
The iguana bites you!
You die...

#.# #.####### #.#
#.....(.#
#####.####.......##
...........####...#
##.##.##.#####.###.###
##.##.##.##....# ...
#.....##.##.##.###.# #
#..#####.##.###..l#
#..#####.##.####@#
#................#
#.#######.#.####.# #.
#.#.# #.(# ## # #.#
##.# #.# .# #.# .# #.#
.# #.


You could see an iguana.

Vanquished Creatures
  Grinder (D:4)
  2 worker ants
  A hound skeleton (D:5)
  4 adders
  An adder skeleton (D:4)
  4 worms
  2 dart slugs
  3 leopard geckos
  6 orcs
  4 giant cockroaches
  7 goblins
  10 hobgoblins
  8 jackals (D:1)
  2 quokkas (D:2)
  4 bats
  3 frilled lizards (D:1)
  6 kobolds
  A leopard gecko skeleton (D:5)
  A quokka zombie (D:5)
  7 rats
77 creatures vanquished.

Notes
Turn   | Place    | Note
-------+----------+-------------------------------------------
     0 | D:1      | Acheron the Minotaur Berserker began the quest for the Orb.
     0 | D:1      | Reached XP level 1. HP: 19/19 MP: 0/0
   162 | D:1      | Reached XP level 2. HP: 27/27 MP: 1/1
   178 | D:1      | Reached skill level 4 in Axes
   328 | D:1      | Reached ** piety under Trog
   481 | D:1      | Reached XP level 3. HP: 30/33 MP: 2/2
   757 | D:2      | Reached skill level 1 in Stealth
  1440 | D:2      | Reached XP level 4. HP: 40/40 MP: 3/3
  2415 | D:5      | Entered Level 5 of the Dungeon
  2481 | D:4      | Reached skill level 1 in Throwing
  2519 | D:4      | Found a stormy altar of Qazlal.
  2575 | D:4      | Noticed an ogre
  2591 | D:4      | Reached *** piety under Trog
  2591 | D:4      | Reached XP level 5. HP: 46/46 MP: 4/4
  2650 | D:3      | Found a burning altar of Makhleb.
  2650 | D:3      | Noticed a balrug
  2775 | D:4      | Noticed Grinder
  2801 | D:4      | Paralysed by Grinder for 5 turns
  2822 | D:4      | Killed Grinder
  2822 | D:4      | Reached skill level 5 in Axes
  2822 | D:4      | Reached XP level 6. HP: 21/53 MP: 5/5
  2948 | D:5      | Found a staircase to the Ecumenical Temple.
  2958 | Temple   | Entered the Ecumenical Temple
  3175 | D:5      | Slain by an iguana

Illustrated notes

Levels and vault maps discovered:
D:1:      scummos_arrival_simple_fountains, layout_rooms
D:2:      minmay_razor_zed, layout_basic, dk_vineyard_2
D:3:      layout_basic, gammafunk_ghost_abyssal_escape, st_stairs_11,
          makhleb_altar_promises_db
D:4:      layout_basic, lemuel_coloured_pillars_altar, first_ration,
          uniq_grinder, uniq_menkaure
D:5:      layout_loops_ring, minmay_temple_entry_statues_pillars
Temple:   dpeg_three_leaves_temple

Skill      XL: |  1  2  3  4  5 |
---------------+----------------+-----
Axes           | 4 5 |  5.5
Fighting       | 4 |  4.6
Stealth        | 1 2 |  2.1
Armour         | 3 |  3.8
Dodging        | 3 |  3.9
Throwing       | 1 |  1.8

Action                   |  1- 3 |  4- 6 || total
-------------------------+-------+-------++-------
Melee: Hand axe          |    77 |   108 ||   185
       Headbutt          |    10 |    15 ||    25
Throw: Stone             |       |     3 ||     3
Invok: Trog's Hand       |       |     2 ||     2
  Use: Scroll            |     4 |     5 ||     9
 Stab: Sleeping          |       |     1 ||     1
  Eat: Chunk             |     1 |     7 ||     8
Armor: Animal skin       |     5 |       ||     5
       Leather armour    |    10 |       ||    10
       Troll leather arm |       |    18 ||    18
Dodge: Dodged            |    34 |    55 ||    89
Block: Other             |       |    11 ||    11
